 Dungeon Crawl Stone Soup version 0.30.1-9-gdf580d7c3d (webtiles) character file.

Game seed: 6342979707370469064

76 Psyclone the Conjurer (level 4, -4/24 HPs)
             Began as a Deep Elf Conjurer on Oct 22, 2023.
             Slain by a river rat (8 damage)
             ... on level 3 of the Dungeon.
             The game lasted 00:03:47 (1761 turns).

Psyclone the Conjurer (Deep Elf Conjurer)           Turns: 1761, Time: 00:03:48

Health: -4/24      AC:  3    Str:  4    XL:     4   Next: 12%
Magic:  0/12       EV: 12    Int: 31    God:
Gold:   49         SH:  5    Dex: 13    Spells: 9/12 levels left

rFire   . . .        c - +0 short sword
rCold   . . .        (no shield)
rNeg    . . .        a - +1 robe
rPois   .            (no helmet)
rElec   .            (no cloak)
rCorr   .            (no gloves)
SInv    .            (no boots)
Will    .....        d - amulet of reflection
Stlth   ++           g - +6 ring of intelligence
HPRegen 0.24/turn    (no ring)
MPRegen 0.13/turn

%: reflection
@: no status effects
A: no striking features
a: no special abilities


You were on level 3 of the Dungeon.
You visited 1 branch of the dungeon, and saw 3 of its levels.

You collected 49 gold pieces.

Inventory:

Hand Weapons
 c - a +0 short sword (weapon)
Armour
 a - a +1 robe (worn)
Jewellery
 d - an amulet of reflection (around neck)
 g - a +6 ring of intelligence (left hand)
Potions
 b - a potion of magic


   Skills:
 - Level 2.4 Dodging
 - Level 2.4 Stealth
 + Level 4.7 Spellcasting
 + Level 5.4 Conjurations


You had 9 spell levels left.
You knew the following spells:

 Your Spells              Type           Power      Damage    Failure   Level
a - Magic Dart            Conj           100%       1d8       1%          1
b - Searing Ray           Conj           80%        2d7       1%          2

Your spell library contained the following spells:

 Spells                   Type           Power      Damage    Failure   Level
 Dazzling Flash           Conj/Hex       48%        N/A       5%          3
 Fulminant Prism          Conj/Hex       12%        3d8       19%         4
 Iskenderun's Mystic Bla  Conj/Tloc      24%        2d7       19%         4


Dungeon Overview and Level Annotations

Branches:
Dungeon (3/15) Zot: 16252

Altars:
Vehumet

Portals:
Sewer: D:3


Message History

Confirm with . or Enter, or press ? or * to list all spells.
You don't have enough magic to cast this spell.
Unknown command.
Casting: Magic Dart (safe; 1% risk of failure)
Confirm with . or Enter, or press ? or * to list all spells.
You don't have enough magic to cast this spell.
You closely miss the river rat.
The river rat is heavily wounded.
You block the river rat's attack.
Your unstable footing causes you to fumble your attack.
The river rat bites you but does no damage.
Your unstable footing causes you to fumble your attack.
The river rat closely misses you.
You barely miss the river rat.
The river rat is heavily wounded.
The river rat closely misses you.
You hit the river rat but do no damage.
The river rat is heavily wounded.
The river rat bites you but does no damage.
The river rat bites you!
You take 8 damage, and have 10/24 hp.
MASSIVE DAMAGE!!
The kobold attacks as you move away! The kobold closely misses you.
The river rat attacks as you move away! The river rat bites you.
* * * LOW HITPOINT WARNING * * *
You take 5 damage, and have 5/24 hp.
MASSIVE DAMAGE!!
The river rat attacks as you move away! The river rat closely misses you.
The kobold attacks as you move away!
The kobold hits you with a +0 short sword.
* * * LOW HITPOINT WARNING * * *
The river rat attacks as you move away! The river rat closely misses you.
You take 1 damage, and have 4/24 hp.
Casting: Magic Dart (safe; 1% risk of failure)
Confirm with . or Enter, or press ? or * to list all spells.
Aiming: Magic Dart (safe; 1% risk of failure)
Press: ? - help, Shift-Dir - straight line, f/p - river rat
Aim: a river rat (heavily wounded, 100% to hit)
The magic dart hits the river rat.
The river rat is heavily wounded.
The river rat bites you!
You die...

...~~.....~~~.....
#.~≈..∩...........<
##.~~.....~~........
...~~.).†.~~........
.. #≈~~~~##..#.....
...##≈~g~≈##..#....#
#..................
#....Kr............
#.....@...........$
#..................
#..................
.#..................
....................
...#.....##.........
##..###.####.....#..
##......###...)....
#####...##..######


You could see a river rat, a hobgoblin and a kobold.

Vanquished Creatures
  2 adders (D:2)
  A river rat (D:3)
  A dart slug (D:1)
  4 endoplasms
  3 giant cockroaches
  4 hobgoblins
  2 quokkas
  5 ball pythons
  4 bats (D:1)
  4 frilled lizards
  2 goblins (D:1)
  8 kobolds
  8 rats
48 creatures vanquished.

Notes
Turn   | Place    | Note
-------+----------+-------------------------------------------
     0 | D:1      | Psyclone the Deep Elf Conjurer began the quest for the Orb.
     0 | D:1      | Reached XP level 1. HP: 10/10 MP: 6/6
   197 | D:1      | Reached XP level 2. HP: 15/15 MP: 4/8
   244 | D:1      | Learned a level 2 spell: Searing Ray
   747 | D:1      | You fall into a shaft and drop 1 floor!
   860 | D:1      | Reached skill level 5 in Conjurations
   860 | D:1      | Reached XP level 3. HP: 19/19 MP: 8/10
  1310 | D:2      | Found a radiant altar of Vehumet.
  1734 | D:3      | Found a glowing drain.
  1748 | D:3      | Reached XP level 4. HP: 24/24 MP: 4/12
  1761 | D:3      | Slain by a river rat

Illustrated notes

Levels and vault maps discovered:
D:1:      dpeg_arrival_pits, layout_rooms, nicolae_figureground_sparkle
D:2:      layout_rooms, basic_altar
D:3:      layout_rooms, mainiacjoe_overflow_24_doors,
          cheibrodos_sewer_entry_sluice, basic_ecumenical_altar

Skill      XL: |  1  2 |
---------------+-------+-----
Spellcasting   | 4 |  4.7
Conjurations   | 5 |  5.4
Dodging        | |  2.4
Stealth        | |  2.4

Action                     |  1- 3 |  4- 6 || total
---------------------------+-------+-------++-------
  Melee: Short sword       |       |     5 ||     5
   Cast: Magic Dart        |    81 |     5 ||    86
    Use: Potion            |     5 |       ||     5
         Scroll            |     3 |       ||     3
 Armour: Robe              |       |     3 ||     3
  Dodge: Dodged            |     5 |     7 ||    12
  Block: Other             |     4 |     1 ||     5
